 Dungeon Crawl Stone Soup version 0.24-a0-783-ge536774 (webtiles) character file.

Game seed: 15515174943641221305, levelgen mode: deterministic

3140 Dorkslayer the Covert (level 9, 0/60 HPs)
             Began as an Octopode Assassin on Oct 8, 2019.
             Was an Initiate of Dithmenos.
             Slain by a hound (3 damage)
             ... on level 7 of the Dungeon.
             The game lasted 00:34:57 (5675 turns).

Dorkslayer the Covert (Octopode Assassin)           Turns: 5675, Time: 00:34:58

Health: 0/60       AC:  1    Str: 12    XL:     9   Next: 92%
Magic:  13/13      EV: 15    Int: 14    God:    Dithmenos [......]
Gold:   242        SH:  0    Dex: 16    Spells: 8/8 levels left

rFire    . . .     SeeInvis .   p - +4 dagger (drain)
rCold    . . .     Gourm    .   (no shield)
rNeg     . . .     Faith    .   (helmet restricted)
rPois    +         Spirit   .   v - amulet of regeneration
rElec    .         Reflect  .   h - ring of poison resistance
rCorr    +         Harm     .   s - ring of protection from magic
MR       +....                  z - ring of resist corrosion
Stlth    ++++++....             (no ring)
HPRegen  0.60/turn              (no ring)
MPRegen  0.13/turn              (no ring)
                                (no ring)
                                (no ring)

@: no status effects
A: almost no armour, stealthy swim, amphibious, 8 rings, constrict 8, camouflage
1, agile 1, wild magic 1, gelatinous body 1, evolution 1
a: Renounce Religion


You were on level 7 of the Dungeon.
You worshipped Dithmenos.
Dithmenos was noncommittal.
You were not hungry.

You visited 2 branches of the dungeon, and saw 8 of its levels.

You collected 242 gold pieces.

Inventory:

Hand Weapons
 a - a +2 dagger
 p - a +4 dagger of draining (weapon)
Missiles
 b - 54 poisoned darts (quivered)
 c - 2 curare-tipped darts
 f - 2 javelins
 A - 8 boomerangs
Jewellery
 h - a ring of poison resistance (left tentacle)
 s - a ring of protection from magic (right tentacle)
 v - an amulet of regeneration (around mantle)
 z - a ring of resist corrosion (on tentacle)
Wands
 u - a wand of digging (3)
 y - a wand of random effects (17)
Scrolls
 e - a scroll of immolation {unknown}
 g - 2 scrolls of enchant weapon {unknown}
 i - a scroll of fog
 k - a scroll of teleportation {unknown}
 m - a scroll of magic mapping {unknown}
 o - a scroll of remove curse {unknown}
Potions
 l - 2 potions of berserk rage
 n - a potion of brilliance {unknown}
 q - a potion of haste {unknown}
 r - a potion of flight {unknown}
 t - a potion of mutation
 w - a potion of degeneration {unknown}
 x - a potion of heal wounds {unknown}
Comestibles
 d - 15 rations
 j - 13 chunks of flesh


   Skills:
 * Level 4.9 Fighting
 + Level 6.1 Short Blades
 + Level 3.6 Throwing
 * Level 3.7 Dodging
 - Level 12.9 Stealth
 * Level 1.2 Invocations
 * Level 5.4 Evocations


You had 8 spell levels left.
You didn't know any spells.
Your spell library contained the following spells:

 Spells                   Type           Power        Failure   Level  Hunger
 Summon Small Mammal      Summ           #...         36%         1    ##.....
 Call Imp                 Summ           #.......     50%         2    ###....
 Call Canine Familiar     Summ           #.......     73%         3    ####...
 Summon Guardian Golem    Hex/Summ       #.......     73%         3    ####...
 Summon Ice Beast         Ice/Summ       #.......     98%         4    #####..
 Summon Lightning Spire   Summ/Air       #.......     98%         4    #####..


Dungeon Overview and Level Annotations

Branches:
Dungeon (7/15)             Temple (1/1) D:6

Altars:
Ashenzari
Cheibriados
Dithmenos
Elyvilon
Fedhas
Gozag
Hepliaklqana
Kikubaaqudgha
Makhleb
Nemelex Xobeh
Okawaru
Qazlal
Ru
Sif Muna
Trog
Uskayaw
Vehumet
Wu Jian
Xom
Yredelemnul
Zin
The Shining One


Innate Abilities, Weirdness & Mutations

You cannot wear most types of armour.
You are very stealthy in the water. (Stealth+)
You are amphibious.
You can wear up to eight rings at the same time.
You can use your tentacles to constrict eight enemies at once.
Your skin changes colour to match your surroundings (Stealth+).
Your rubbery body absorbs attacks. (AC +1, EV +1)
You are agile. (Dex +2)
Your spells are a little harder to cast, but a little more powerful.
You evolve.


Message History

Deactivating autopickup; reactivate with Ctrl-A.
Something hits you! Something hits you but does no damage.
Something hits you! x2
Something hits you.
It was a potion of mutation.
You feel extremely strange.
You feel less in control of your magic.
You feel agile.
You feel nature experimenting on you.
Don't worry, failures die fast.
Something closely misses you. Something hits you!
* * * LOW HITPOINT WARNING * * *
A hound comes into view.
The hound barks!
You hit something but do no damage. You squeeze something. Something hits you!
* * * LOW HITPOINT WARNING * * *
You hit the hound. You grab the hound.
The hound is lightly wounded.
You constrict the hound. The hound barely misses you. Something hits you.
* * * LOW HITPOINT WARNING * * *
The hound bites you.
You die...

#...######
##........
####......##.
..#.####.#
#.#.# .#
####.#.# . #
#......# .
#.#.##...##.#.
#....@h........
###.###..#####.
...# #..#
#....# #..#
#...## ##.#
##.# ..# .. ..
##. ..


You could see a hound.

Vanquished Creatures
  Pikel (D:4)
  Grinder (D:4)
  Sigmund (D:2)
  Menkaure (D:4)
  Edmund (D:4)
  A water moccasin (D:6)
  An orc warrior (D:6)
  A sky beast (D:6)
  3 ogres
  5 centaurs
  2 bullfrogs (D:6)
  A scorpion (D:6)
  A howler monkey (D:5)
  3 crimson imps
  2 orc priests (D:6)
  5 orc wizards
  3 centaur zombies
  Crazy Yiuf (D:3)
  Jessica (D:2)
  2 iguanas
  10 worker ants
  12 adders
  2 shadow imps
  4 adder skeletons
  6 worms
  A dart slug (D:1)
  3 leopard geckos
  16 orcs
  5 ball pythons
  3 giant cockroaches
  15 goblins
  5 hobgoblins
  9 jackals
  9 kobolds
  2 quokkas
  9 bats
  5 frilled lizards
  10 rats
163 creatures vanquished.

Notes
Turn   | Place    | Note
-------+----------+-------------------------------------------
     0 | D:1      | Dorkslayer the Octopode Assassin began the quest for the
                  | Orb.
     0 | D:1      | Reached XP level 1. HP: 14/14 MP: 1/1
   346 | D:1      | Reached XP level 2. HP: 19/19 MP: 2/2
   423 | D:1      | Reached skill level 6 in Stealth
   602 | D:1      | Reached XP level 3. HP: 16/24 MP: 3/3
   817 | D:2      | Noticed Jessica
   837 | D:2      | Killed Jessica
   837 | D:2      | Reached skill level 7 in Stealth
   837 | D:2      | Reached XP level 4. HP: 17/29 MP: 4/4
   890 | D:2      | Reached XP level 5. HP: 20/35 MP: 5/5
  1032 | D:2      | Noticed Sigmund
  1038 | D:2      | Killed Sigmund
  1038 | D:2      | Reached skill level 8 in Stealth
  1038 | D:2      | Reached XP level 6. HP: 6/41 MP: 6/6
  2025 | D:3      | Found a runed translucent door.
  2026 | D:3      | Noticed Crazy Yiuf
  2034 | D:3      | Killed Crazy Yiuf
  2034 | D:3      | Reached XP level 7. HP: 23/45 MP: 7/7
  2792 | D:3      | Noticed a moth of wrath
  2795 | D:3      | Found a bloodstained altar of Trog.
  2809 | D:3      | Reached skill level 9 in Stealth
  3037 | D:4      | Noticed Menkaure
  3046 | D:4      | Killed Menkaure
  3046 | D:4      | Reached skill level 1 in Evocations
  3139 | D:4      | Noticed Edmund
  3140 | D:4      | Noticed Grinder
  3158 | D:4      | Killed Edmund
  3158 | D:4      | Reached skill level 10 in Stealth
  3165 | D:4      | Killed Grinder
  3165 | D:4      | Reached XP level 8. HP: 22/52 MP: 2/9
  3314 | D:4      | Noticed Pikel
  3331 | D:4      | Killed Pikel
  3331 | D:4      | Reached skill level 11 in Stealth
  3862 | D:4      | Found a blossoming altar of Fedhas.
  3932 | D:5      | Entered Level 5 of the Dungeon
  3953 | D:5      | Reached skill level 5 in Short Blades
  4193 | D:5      | Reached XP level 9. HP: 58/58 MP: 10/12
  4206 | D:5      | Reached skill level 12 in Stealth
  4466 | D:5      | Upgraded the game from 0.24-a0-781-g048a31f to
                  | 0.24-a0-783-ge536774
  4486 | D:5      | Found a glowing silver altar of Zin.
  4490 | D:5      | Found a sparkling altar of Nemelex Xobeh.
  4491 | D:5      | Found a snail-covered altar of Cheibriados.
  4491 | D:5      | Found a sacrificial altar of Ru.
  4495 | D:5      | Found a basalt altar of Yredelemnul.
  4496 | D:5      | Found an ornate altar of the Wu Jian Council.
  4497 | D:5      | Found a shimmering altar of Xom.
  4973 | D:6      | Reached skill level 5 in Evocations
  4995 | D:6      | Found a staircase to the Ecumenical Temple.
  5007 | Temple   | Entered the Ecumenical Temple
  5012 | Temple   | Became a worshipper of Dithmenos the Shadowed
  5445 | D:6      | Reached skill level 1 in Invocations
  5673 | D:7      | Gained mutation: Your spells are a little harder to cast,
                  | but a little more powerful. [potion of mutation]
  5673 | D:7      | Gained mutation: You are agile. (Dex +2) [potion of
                  | mutation]
  5673 | D:7      | Gained mutation: You evolve. [potion of mutation]
  5675 | D:7      | HP: 3/60 [something (6)]
  5675 | D:7      | Slain by a hound

Levels and vault maps discovered:
D:1:      dpeg_arrival_rhombi, layout_loops_ring, minmay_strange_pillars,
          chequers_serial_rivers_small_3, minmay_shallow_snake_nest
D:2:      layout_rooms, first_ration, uniq_sigmund, uniq_jessica
D:3:      layout_basic, tgw_trog, uniq_crazy_yiuf_cottage
D:4:      layout_layer_cave, fedhas_bush_and_centaur_altar, uniq_grinder,
          uniq_pikel, uniq_menkaure, uniq_edmund
D:5:      layout_loops_cross, minitemple, chequers_serial_rivers_marsh
D:6:      layout_basic, minmay_temple_entry_waves, zaba_anthole
D:7:      layout_loops_cross
Temple:   minmay_freezing_vapour_temple

Skill      XL: |  1  2  3  4  5  6  7  8  9 |
---------------+----------------------------+-----
Stealth        | 6 7 8 10 11 12 | 12.9
Short Blades   | 3 4 5 6 |  6.1
Dodging        | 2 3 |  3.7
Fighting       | 3 4 |  4.9
Evocations     | 2 4 5 |  5.4
Throwing       | 3 |  3.6
Invocations    | 1 |  1.2

Action                   |  1- 3 |  4- 6 |  7- 9 || total
-------------------------+-------+-------+-------++-------
Melee: Dagger            |    63 |    61 |   198 ||   322
       Constrict         |    17 |    12 |    34 ||    63
       Tentacles         |     2 |    10 |    46 ||    58
Throw: Dart              |     5 |     3 |    32 ||    40
Evoke: Wand              |       |       |    10 ||    10
  Use: Scroll            |       |       |     6 ||     6
       Potion            |       |       |     3 ||     3
 Stab: Sleeping          |     8 |    11 |    31 ||    50
       Invisible         |       |       |     2 ||     2
  Eat: Chunk             |       |     3 |     8 ||    11
       Ration            |       |       |     1 ||     1
Armor: Skin              |     5 |     2 |     4 ||    11
Dodge: Dodged            |    32 |    32 |    80 ||   144

Table legend:
 A = Non-vault XP
 B = Vault XP
 C = Vault XP percentage of total XP
 D = Non-vault monster count
 E = Vault monster count
 F = Vault count percentage of total count
                 A         B        C        D         E       F
            +---------+---------+-------+---------+---------+-------
      Total |    2752 |    1734 |  38.7 |     143 |      20 |  12.3
            +---------+---------+-------+---------+---------+-------
        D:1 |      23 |      18 |  43.9 |      14 |       4 |  22.2
        D:2 |     122 |     257 |  67.8 |      29 |       2 |   6.5
        D:3 |     170 |      54 |  24.1 |      26 |       6 |  18.8
        D:4 |     192 |    1302 |  87.1 |      18 |       5 |  21.7
        D:5 |     720 |       0 |   0.0 |      18 |       0 |   0.0
        D:6 |    1476 |     103 |   6.5 |      37 |       3 |   7.5
        D:7 |      49 |       0 |   0.0 |       1 |       0 |   0.0
            +---------+---------+-------+---------+---------+-------
